 Dungeon Crawl Stone Soup version 0.29.0-13-gc9e81de378 (webtiles) character file.

Game seed: 9576383124315759198

2714 Acheron the Sneak (level 9, 0/64 HPs)
             Began as a Vampire Transmuter on Sept 7, 2022.
             Was a Follower of Makhleb.
             Slain by an eight-headed hydra (11 damage)
             ... on level 12 of the Dungeon.
             The game lasted 00:48:21 (7747 turns).

Acheron the Sneak (Vampire Transmuter)              Turns: 7747, Time: 00:48:31

Health: 0/64       AC:  8    Str: 17    XL:     9   Next: 39%
Magic:  15/15      EV: 14    Int: 16    God:    Makhleb [*.....]
Gold:   1338       SH:  0    Dex: 20    Spells: 11/16 levels left

rFire   + + +      SeeInvis +   t - +11 spear "Irougen" {vorpal, *Noise rF+++ rC+ Str+4}
rCold   + . .      Faith    .   (no shield)
rNeg    . . .      Spirit   .   G - +0 acid dragon scales
rPois   .          Reflect  .   (helmet currently unavailable)
rElec   .          Harm     .   (no cloak)
rCorr   +          Rampage  .   D - +1 pair of gloves
Will    .....                   (boots currently unavailable)
Stlth   ++++......              (no amulet)
HPRegen 0.40/turn               u - ring of resist corrosion
MPRegen 0.14/turn               w - +6 ring of dexterity

@: appendages, healing quickly
A: horns 2, talons 2, alive, fangs 3, see invisible, vampiric 2
a: Exsanguinate, End Transformation, Renounce Religion


You were on level 12 of the Dungeon.
You worshipped Makhleb.
Makhleb was aware of your devotion.
You had temporarily grown beastly horns and talons.
You visited 2 branches of the dungeon, and saw 11 of its levels.

You collected 1530 gold pieces.
You spent 192 gold pieces at shops.

Inventory:

Hand Weapons
 h - a +2 vorpal flail
 k - a +0 war axe
 l - a +0 vorpal great sword
 n - a +3 dagger of venom
 p - a +2 hand axe of electrocution
 q - a +3 short sword of draining
 t - the +11 spear "Irougen" (weapon) {vorpal, *Noise rF+++ rC+ Str+4}
   (You took it off a kobold on level 2 of the Dungeon)

   It inflicts extra damage upon your enemies.
   Str:       It affects your strength (+4).
   rF:        It renders you almost immune to fire.
   rC:        It protects you from cold.
   *Noise:    It may make noises in combat.
Missiles
 m - 3 silver boomerangs (quivered)
 E - a throwing net
Armour
 e - a +1 pair of boots (melded)
 x - a +2 hat (melded)
 D - a +1 pair of gloves (worn)
 G - +0 acid dragon scales (worn)
Jewellery
 u - a ring of resist corrosion (left hand)
 w - a +6 ring of dexterity (right hand)
 F - a +6 ring of strength
Wands
 j - a wand of flame (28)
 y - a wand of charming (6)
Scrolls
 f - 2 scrolls of fear
 r - a scroll of teleportation
 A - a scroll of blinking
 H - a scroll of silence
Potions
 b - 4 potions of lignification
 c - 2 potions of flight
 d - 5 potions of invisibility
 g - 2 potions of might
 i - 6 potions of curing
 o - a potion of mutation
 v - a potion of berserk rage
 z - a potion of cancellation {unknown}
 B - a potion of heal wounds
 C - a potion of haste {unknown}


   Skills:
 * Level 3.6 Fighting
 * Level 6.9 Polearms
 * Level 0.8 Throwing
 * Level 5.1 Dodging
 * Level 7.5 Stealth
 + Level 4.2 Unarmed Combat
 + Level 4.1 Spellcasting
 * Level 1.0 Hexes
 * Level 4.9 Transmutations
 * Level 1.0 Ice Magic
 * Level 0.5 Invocations
 * Level 0.6 Evocations


You had 11 spell levels left.
You knew the following spells:

 Your Spells              Type           Power      Damage    Failure   Level
a - Beastly Appendage     Tmut           38%        N/A       3%          1
b - Wereblood             Tmut           19%        N/A       4%          2
c - Ensorcelled Hibernat  Hex/Ice        12%        N/A       22%         2

Your spell library contained the following spells:

 Spells                   Type           Power      Damage    Failure   Level
 Magic Dart               Conj           12%        1d3       22%         1
 Spider Form              Tmut/Pois      11%        N/A       24%         3
 Call Imp                 Summ           3%         N/A       34%         2
 Ice Form                 Ice/Tmut       12%        N/A       54%         4
 Mephitic Cloud           Conj/Pois/Air  3%         N/A       56%         3
 Anguish                  Hex/Necr       2%         N/A       88%         4
 Airstrike                Air            1%         2d(1-17)  92%         4
 Summon Lightning Spire   Summ/Air       3%         N/A       92%         4
 Alistair's Intoxication  Tmut/Pois      7%         N/A       92%         5
 Borgnjor's Vile Clutch   Necr/Erth      1%         N/A       99%         5
 Lightning Bolt           Conj/Air       1%         1d12      99%         5
 Eringya's Noxious Bog    Tmut/Pois      5%         N/A       100%        6


Dungeon Overview and Level Annotations

Branches:
Dungeon (9/15)             Temple (1/1) D:7             Orc (0/2) D:12
   Lair: D:8-11

Altars:
Ashenzari
Cheibriados
Dithmenos
Fedhas
Gozag
Kikubaaqudgha
Makhleb
Nemelex Xobeh
Okawaru
Qazlal
Ru
Sif Muna
Trog
Uskayaw
Vehumet
Wu Jian
Xom
Yredelemnul

Shops:
D:7 [

Annotations:
D:7 exclusion: downstairs
D:8 2 transporters, Acheron's ghost, novice MiBe
D:9 exclusion: upstairs
D:12 Gastronok


Innate Abilities, Weirdness & Mutations

You have temporarily grown beastly horns and talons.
Your natural rate of healing is accelerated.
You have razor-sharp teeth.
You have supernaturally acute eyesight. (SInv)
You are afflicted with vampirism and can become a bat while bloodless.


Message History

Confirm with . or Enter, or press ? or * to list all spells.
You grow a pair of large bovine horns.
Your feet morph into talons.
Your +2 hat melds into your body.
Your +1 pair of boots melds into your body.
The eight-headed hydra roars!
As you read the scroll labelled PAGEUP ABLANIPS, it crumbles to dust.
Your body is wracked with pain!
The eight-headed hydra convulses!
It was a scroll of torment.
Aiming: Throw Flame
Press: ? - help, Shift-Dir - straight line, f - eight-headed hydra
Aim: an eight-headed hydra (heavily wounded, 89% to hit)
The puff of flame hits the eight-headed hydra.
The eight-headed hydra is heavily wounded.
Okay, then.
Throw: 3 boomerangs (silver)
Press: ? - help, Q - select action, (/) - cycle Shift-Dir - straight line, f/p - eight-headed hydra
Aim: an eight-headed hydra (heavily wounded, 80% to hit)
You throw a silver boomerang.
The silver boomerang hits the eight-headed hydra!
The eight-headed hydra is severely wounded.
Gastronok the Ponderous comes into view.
He is wearing a +0 hat of willpower.
Throw: 3 boomerangs (silver)
Press: ? - help, Q - select action, (/) - cycle Shift-Dir - straight line, f/p - eight-headed hydra
Aim: an eight-headed hydra (severely wounded, 80% to hit)
Okay, then.
Throw: 3 boomerangs (silver)
Press: ? - help, Q - select action, (/) - cycle Shift-Dir - straight line, f/p - eight-headed hydra
Aim: an eight-headed hydra (severely wounded, 80% to hit)
You throw a silver boomerang.
The silver boomerang barely misses the eight-headed hydra.
You barely miss the eight-headed hydra. You claw the eight-headed hydra.
The eight-headed hydra is severely wounded.
Gastronok gurgles horribly!
You puncture the eight-headed hydra!
You claw the eight-headed hydra, but do no damage.
The eight-headed hydra is almost dead.
The eight-headed hydra bites you! x2
* * * LOW HITPOINT WARNING * * *
The eight-headed hydra bites you!
You die...

,~~,,,,*,*#...:~.....#*,,,* *,*,
,~~,****,*#.....w....#*,,,* *,*,
,~,,+,,,,*#..........#*,,,* *,*,
,~,,******#..........#*,,,****,*,
,~,,+**,,,+..........++,,,+,,,,*,
~~~,******#..........#*,,,******,
~~~,*** ***#...#*****,,,* *,
~~~,,,** #..D# *,,,*********+
,,~,,,,*** #..@# *,*,* *,,,,,
,,,,,,,,,*** #...# *,*,* *,,,,,
,,,,,,,,,,,**##### *,*,* *,,,,,
****,,,,,,,8*,,,* *,*,* *****+
****,,,,,,,,+,>,****+*+*********,
,,,,,,,,,,,8*,,,**,,,,,,,,,,,,**,
,,,,,,,,,,********,,,,,,,,,,,,**,
,,,,,,,,****,,,,,*,,,,,,,,,,,,**,
,,,,,,,,***,,,,,,,,,,*+*********,


You could see Gastronok and an eight-headed hydra.

Vanquished Creatures
  Pikel (D:4)
  Edmund (D:4)
  An acid dragon (D:8)
  3 ogres
  An ice beast (D:5)
  A wolf (D:5)
  2 phantoms
  A lemure (D:4)
  Blork the orc (D:5)
  2 bullfrogs
  2 necrophages
  3 gnoll sergeants (D:6)
  4 scorpions
  A wight (D:8)
  5 hounds
  A gnoll bouda (D:6)
  A jelly (D:6)
  Jessica (D:2)
  An iguana (D:4)
  3 orc wizards
  Natasha (thrice) (D:4)
  4 adders
  11 gnolls (D:6)
  A shadow imp (D:6)
  3 white imps
  3 dart slugs
  7 orcs
  3 bats
  5 endoplasms
  3 giant cockroaches (D:1)
  11 goblins
  8 hobgoblins
  6 jackals
  6 quokkas
  6 ball pythons
  5 frilled lizards
  4 kobolds
  3 rats
128 creatures vanquished.

Vanquished Creatures (others)
  A plant (D:3)
1 creature vanquished.

Grand Total: 129 creatures vanquished

Notes
Turn   | Place    | Note
-------+----------+-------------------------------------------
     0 | D:1      | Acheron the Vampire Transmuter began the quest for the Orb.
     0 | D:1      | Reached XP level 1. HP: 14/14 MP: 3/3
   193 | D:1      | Reached skill level 1 in Fighting
   217 | D:1      | Reached XP level 2. HP: 21/21 MP: 3/5
   220 | D:1      | Learned a level 2 spell: Wereblood
   447 | D:1      | Reached skill level 1 in Stealth
   593 | D:2      | Noticed Jessica
   691 | D:3      | Gained mutation: You are afflicted with vampirism and can
                  | become a bat while bloodless. [Vampire growth]
   691 | D:3      | Reached XP level 3. HP: 26/26 MP: 4/6
  1499 | D:2      | Killed Jessica
  1500 | D:2      | Reached XP level 4. HP: 15/32 MP: 5/7
  2013 | D:1      | Reached skill level 2 in Stealth
  2209 | D:2      | Identified the +11 spear "Irougen" {vorpal, *Noise rF+++
                  | rC+ Str+4}
  2445 | D:3      | Found a shimmering blue altar of Sif Muna.
  2455 | D:3      | HP: 1/32 [poisoned by an orc wizard]
  2456 | D:3      | Reached XP level 5. HP: 2/37 MP: 9/9
  2594 | D:3      | Found a faded altar of an unknown god.
  2854 | D:4      | Found an ancient bone altar of Kikubaaqudgha.
  2854 | D:4      | Found a burning altar of Makhleb.
  2854 | D:4      | Found a basalt altar of Yredelemnul.
  3315 | D:5      | Entered Level 5 of the Dungeon
  3327 | D:5      | Noticed a phantom
  3334 | D:5      | Noticed Blork the orc
  3334 | D:5      | Noticed an ice beast
  3383 | D:4      | Reached skill level 1 in Polearms
  3383 | D:4      | Reached skill level 3 in Stealth
  3457 | D:4      | Noticed Natasha
  3461 | D:4      | Killed Natasha
  3462 | D:4      | Reached XP level 6. HP: 44/44 MP: 10/10
  3544 | D:4      | Identified a scroll of acquirement
  3544 | D:4      | Acquired 1169 gold pieces
  3576 | D:4      | Noticed Natasha
  3596 | D:4      | Killed Natasha
  3601 | D:4      | Noticed Pikel
  3699 | D:4      | Reached skill level 4 in Stealth
  3699 | D:4      | Noticed Natasha
  3704 | D:4      | Killed Pikel
  3705 | D:4      | Reached skill level 5 in Stealth
  3705 | D:4      | Reached XP level 7. HP: 17/51 MP: 10/12
  3936 | D:4      | Noticed Edmund
  3947 | D:4      | Killed Edmund
  3948 | D:4      | Reached skill level 6 in Stealth
  4034 | D:4      | Became a worshipper of Makhleb the Destroyer
  4121 | D:5      | Reached XP level 8. HP: 41/57 MP: 13/13
  4136 | D:5      | Killed Blork the orc
  4311 | D:5      | Reached skill level 5 in Polearms
  4994 | D:7      | Reached skill level 7 in Stealth
  5156 | D:6      | Reached XP level 9. HP: 25/64 MP: 15/15
  5382 | D:7      | Reached * piety under Makhleb
  5422 | D:7      | Found a staircase to the Ecumenical Temple.
  5431 | Temple   | Entered the Ecumenical Temple
  5628 | D:7      | Found Kacievey's Armour Emporium.
  5863 | D:7      | Bought a +2 hat for 192 gold pieces
  6124 | D:7      | Learned a level 2 spell: Ensorcelled Hibernation
  6865 | D:4      | Killed Natasha
  6898 | D:4      | Found a hide-covered altar of Uskayaw.
  7623 | D:8      | Reached skill level 1 in Hexes
  7623 | D:8      | Reached skill level 1 in Ice Magic
  7637 | D:8      | Reached skill level 5 in Dodging
  7675 | D:8      | Noticed a two-headed ogre
  7680 | D:8      | Found a transporter.
  7689 | D:8      | Found a bloodstained altar of Trog.
  7695 | D:8      | Noticed a moth of wrath
  7696 | D:8      | Noticed Acheron's ghost (novice MiBe)
  7712 | D:8      | Found a transporter.
  7732 | D:9      | You fall into a shaft and drop 3 floors!
  7735 | D:12     | Noticed an eight-headed hydra
  7742 | D:12     | Noticed Gastronok
  7747 | D:12     | Slain by an eight-headed hydra

Illustrated notes

Levels and vault maps discovered:
D:1:      scummos_arrival_checkerplants, layout_basic, minmay_unequal
D:2:      minmay_chambers_of_twos, layout_basic,
          nicolae_elevator_lobby_asterisk, uniq_jessica
D:3:      mumra_celtic_spiral_tile, layout_loops_ring,
          nicolae_elyvilon_temple_path, lemuel_round_altar,
          kennysheep_orc_sif_temple, basic_ecumenical_altar
D:4:      cheibrodos_quashed, layout_basic, mainiacjoe_overflow_surrounded_room,
          grunt_temple_overflow_open, hangedman_abyss_or_decor_stabs,
          chequers_serial_rivers_small_3, uniq_natasha, uniq_pikel, uniq_edmund
D:5:      layout_basic, uniq_blork_the_orc
D:6:      layout_cave_pools, serial_gnoll_camp, gnoll_camp_mini_loothouse,
          gnoll_camp_huts_basic, gnoll_camp_medium_02, gnoll_camp_mini_basic,
          chequers_arboretum
D:7:      layout_gridville, minmay_temple_entry_overgrown, serial_shops, shop,
          palyth_stone_intersect
D:8:      layout_cave_pools, gammafunk_ghost_wrathful_warriors,
          uniq_prince_ribbit1
D:9:      layout_loops_cross, lair_entry_dummy
D:12:     layout_basic, hiddenorc1_lemuel, uniq_gastronok
Temple:   eino_narrow_crystal_temple

Skill      XL: |  1  2  3  4  5  6  7  8  9 |
---------------+----------------------------+-----
Fighting       | 1 2 3 |  3.6
Stealth        | 1 2 3 5 6 7 |  7.5
Unarmed Combat | 4 |  4.2
Transmutations | 3 4 |  4.9
Dodging        | 3 4 5 |  5.1
Polearms       | 1 3 4 6 |  6.9
Spellcasting   | 3 4 |  4.1
Hexes          | 1 |  1.0
Ice Magic      | 1 |  1.0
Throwing       | |  0.8
Invocations    | |  0.5
Evocations     | |  0.6

Action                   |  1- 3 |  4- 6 |  7- 9 || total
-------------------------+-------+-------+-------++-------
Melee: Unarmed           |   100 |    23 |       ||   123
       Kick              |    11 |     2 |     5 ||    18
       Headbutt          |     6 |     1 |     4 ||    11
       Bite              |    10 |     3 |    15 ||    28
       Punch             |     2 |     2 |     2 ||     6
       Spear             |       |    71 |   168 ||   239
       Short sword       |       |     2 |       ||     2
Throw: Boomerang         |       |       |     6 ||     6
 Cast: Beastly Appendage |    17 |     9 |     4 ||    30
       Wereblood         |     9 |       |       ||     9
Evoke: Wand              |       |       |     1 ||     1
  Use: Scroll            |     3 |     6 |    11 ||    20
       Potion            |       |     2 |       ||     2
 Stab: Sleeping          |     2 |     7 |     8 ||    17
       Distracted        |       |     1 |     1 ||     2
Armor: Robe              |    21 |    11 |    20 ||    52
Dodge: Dodged            |    59 |    41 |    85 ||   185
